 Dungeon Crawl Stone Soup version 0.26-b1-32-g5d43845318 (webtiles) character file.

Game seed: 2606104348439955746

294545 EnegeticOcto the Warrior (level 19, -4/180 HPs)
             Began as a Deep Dwarf Delver on Jan 13, 2021.
             Was the Champion of Ru.
             Killed from afar by an orb of fire (72 damage)
             ... with a bolt of fire
             ... on level 5 of the Realm of Zot.
             The game lasted 01:59:51 (8746 turns).

EnegeticOcto the Warrior (Deep Dwarf Delver)        Turns: 8746, Time: 01:59:51

Health: -4/180     AC: 27    Str: 20    XL:     19   Next: 61%
Magic:  0/0 (9)    EV:  3    Int: 17    God:    Ru [******]
Gold:   2239       SH: 10    Dex: 17    Spells: 46/46 levels left

rFire    . . .     SeeInvis .   e - +4 war axe (distort)
rCold    x . .     Faith    .   w - +0 buckler
rNeg     + . .     Spirit   .   a - +0 gold dragon scales
rPois    +         Reflect  +   L - +2 helmet {Int+3}
rElec    +         Harm     .   I - +1 cloak {rCorr}
rCorr    +         Rampage  .   m - +2 pair of gloves
Will     +++++                  b - +0 pair of boots
Stlth    ..........             F - amulet of reflection
HPRegen  0.00/turn              Q - ring "Ustatorr" {+Fly rF+ MP-9 Int+6 Dex+3 Slay+2}
MPRegen  0.07/turn              H - ring "Moshrizof" {rElec rC- Will+++ AC+4 Str-3}

@: marked, fire vulnerable, no potions, vertigo, non-regenerating
A: damage resistance, heal wounds, deformed body, dopey 2, frail 1, negative
energy resistance 1, sense surroundings 3, poison resistance, screaming 1,
evolution 1, subdued magic 2, inability to drink while threatened, no stealth,
inexperienced 1, temperature sensitive, no regeneration
}: 3/15 runes: decaying, abyssal, gossamer
a: Heal Wounds, Renounce Religion, Evoke Flight, Draw Out Power, Power Leap,
Apocalypse


You were on level 5 of the Realm of Zot.
You worshipped Ru.
Ru was exalted by your worship.
You visited 7 branches of the dungeon, and saw 37 of its levels.
You visited the Abyss 1 time.
You also visited: Bailey, Gauntlet and Volcano.

You collected 2239 gold pieces.

Inventory:

Hand Weapons
 e - a +4 war axe of distortion (weapon)
 G - the +8 frozen axe "Frostbite" {freezing cloud, *Noise +Fly rC+}
   (You found it in a bailey)

   It has been specially enchanted to freeze those struck by it, causing extra
   injury to most foes and up to half again as much damage against particularly
   susceptible opponents.
   It can also slow down cold-blooded creatures.
   It protects you from cold.
   It lets you fly.
   It may make noises in combat.
 R - the +7 pair of quick blades "Gyre" and "Gimble" {protect}
   (You took it off a minotaur in a Gauntlet)

   It grants its wielder temporary protection when it strikes (+7 to AC).
Missiles
 j - 16 javelins (quivered)
 E - 9 throwing nets
 T - 10 boomerangs of dispersal
Armour
 a - +0 gold dragon scales (worn)
 b - a +0 pair of boots (worn)
 g - a +10 plate armour of ponderousness
 m - a +2 pair of gloves (worn)
 w - a +0 buckler (worn)
 y - a +2 chain mail of fire resistance
 I - a +1 cloak of preservation (worn)
 L - a +2 helmet of intelligence (worn)
Magical Staves
 n - an uncursed staff of fire
Jewellery
 x - an uncursed ring of protection from cold
 z - a +4 ring of protection
 F - an amulet of reflection (around neck)
 H - the ring "Moshrizof" (right hand) {rElec rC- Will+++ AC+4 Str-3}
   (You found it on level 2 of the Lair of Beasts)

   [ring of protection]

   It affects your AC (+4).
   It affects your strength (-3).
   It makes you vulnerable to cold.
   It insulates you from electricity.
   It affects your willpower, your defense against some magical effects.
 Q - the ring "Ustatorr" (left hand) {+Fly rF+ MP-9 Int+6 Dex+3 Slay+2}
   (You found it in a Gauntlet)

   [ring of intelligence]

   It affects your intelligence (+6).
   It affects your dexterity (+3).
   It affects your accuracy and damage with ranged weapons and melee attacks
   (+2).
   It protects you from fire.
   It affects your magic capacity (-9).
   It lets you fly.
 W - the ring of Melutaim {Ice rN+}
   (You acquired it on level 4 of the Spider Nest)

   [ring of ice]

   It enhances your ice magic.
   It makes you vulnerable to fire.
   It protects you from cold.
   It protects you from negative energy.
Wands
 i - a wand of iceblast (11) {@v2}
 u - a wand of random effects (19)
 O - a wand of paralysis (9)
 V - a wand of digging (2) {@v3}
Scrolls
 c - a scroll of fog
 d - a scroll of magic mapping {@r5}
 l - 3 scrolls of remove curse {@r2}
 p - a scroll of amnesia
 s - a scroll of silence
 J - 4 scrolls of teleportation {@r3}
Potions
 f - 5 potions of haste {@q4}
 r - 7 potions of curing {@q1}
 t - a potion of ambrosia
 K - a potion of berserk rage
 M - 2 potions of resistance {@q5}
 N - a potion of attraction
 P - a potion of lignification
 X - a potion of heal wounds {@q2}
Miscellaneous
 A - a box of beasts (inert)
 B - a tin of tremorstones (inert)
 S - a phial of floods
 U - a phantom mirror


   Skills:
 + Level 19.8 Fighting
 - Level 16.0 Axes
 - Level 12.0 Armour
 - Level 10.0 Dodging
 - Level 4.0 Shields
 + Level 14.3 Spellcasting
 - Level 14.1 Evocations


You had 46 spell levels left.
You didn't know any spells.
Your spell library was empty.

Dungeon Overview and Level Annotations

Branches:
Dungeon (15/15)            Temple (1/1) D:5            Lair (6/6) D:11
  Swamp (4/4) Lair:3       Spider (4/4) Lair:2        Slime (0/5) Lair:5
 Depths (5/5) D:15            Zot (5/5) Depths:5     Bailey (visited)
Volcano (visited)         Gauntlet (visited)
    Orc: D:9-12      Vaults: D:13-14

Altars:
Ashenzari
Cheibriados
Dithmenos
Fedhas
Gozag
Hepliaklqana
Kikubaaqudgha
Qazlal
Ru
Sif Muna
Trog
Uskayaw
Vehumet
Wu Jian
Xom
The Shining One
Jiyva

Shops:
D:7 :

Annotations:
D:5 Dowan, Duvessa
Lair:3 exclusion: oklob plant
Zot:5 exclusion: orange crystal statue
Abyss:1 Arachne


Innate Abilities, Weirdness & Mutations

You are resistant to damage.
You can heal yourself by infusing magical energy.
You are very dopey. (Int -4)
You resist negative energy. (rN+)
You passively map a large area around you.
You cannot drink potions while threatened.
You cannot be stealthy.
You are somewhat inexperienced. (-2 XL)
You are sensitive to extremes of temperature. (rF-, rC-)
You do not regenerate.
Armour fits poorly on your strangely shaped body.
You are frail. (-10% HP)
Your system is resistant to poisons. (rPois)
You occasionally shout uncontrollably at your foes.
You evolve.
Your spells are easier to cast, but less powerful.


Message History

The Killer Klown pokes out its tongue.
You feel much better. The storm dragon closely misses you.
The storm dragon claws you but does no damage.
The storm dragon tramples you but does no damage.
The Killer Klown blinks!
You block the storm dragon's attack. x2
The storm dragon tramples you!
You stumble backwards!
The orb of fire pulls the alarm!
The alarm trap emits a blaring wail!
The mark upon you grows brighter.
You redirect the orb of fire's attack!
The orb of fire glows yellow.
The fireball explodes!
The fireball engulfs the orb of fire.
The orb of fire completely resists.
The fireball engulfs the Killer Klown!!!
You block the storm dragon's attack. The storm dragon claws you!
The storm dragon tramples you!
You stumble backwards!
Your magical essence is drained by the effort!
You feel much better. You block the storm dragon's attack.
The storm dragon misses you.
The storm dragon tramples you but does no damage.
You block the storm dragon's attack. The storm dragon claws you!
You focus your inner power and blind the storm dragon in retribution!
You block the storm dragon's attack.
Your magical essence is drained by the effort!
You feel much better. The storm dragon barely misses you.
The storm dragon closely misses you. The storm dragon tramples you!
You stumble backwards!
The Killer Klown blinks!
The storm dragon is stunned by your conviction and fails to attack.
Your magical essence is drained by the effort!
You feel much better.
The storm dragon bites you but does no damage.
The storm dragon claws you but does no damage.
The storm dragon tramples you but does no damage.
You redirect the Killer Klown's attack!
The storm dragon bites you! You block the storm dragon's attack. x2
The storm dragon rages.
The Killer Klown beckons to you.
The Killer Klown begins to attack, but is stunned by your conviction!
The orb of fire begins to attack, but is stunned by your conviction!
The Killer Klown blinks!
The storm dragon bites you. The storm dragon claws you!
The storm dragon tramples you!
You stumble backwards!
You block the storm dragon's attack. The storm dragon claws you.
The storm dragon tramples you but does no damage.
The Killer Klown pies you viciously! The klown pie hits you!!
Plum!
You feel light-headed.
You redirect the Killer Klown's attack!
Found 27 gold pieces.
Your magical essence is drained by the effort!
You feel much better.
The orb of fire begins to attack, but is stunned by your conviction!
The storm dragon bites you but does no damage.
The storm dragon claws you but does no damage.
The storm dragon tramples you!
You stumble backwards!
The Killer Klown begins to attack, but is stunned by your conviction!
The storm dragon bites you!!
You focus your inner power and blind the storm dragon in retribution!
The storm dragon barely misses you.
The storm dragon tramples you but does no damage.
The Killer Klown blinks!
The storm dragon bites you! The storm dragon claws you!
* * * LOW HITPOINT WARNING * * *
You block the storm dragon's attack. The Killer Klown pies you viciously!
The klown pie hits you.
Cherry!
Cherry-coloured flames burn away your fire resistance!
* * * LOW HITPOINT WARNING * * *
You redirect the Killer Klown's attack!
Found the Orb of Zot.
You feel much better. The storm dragon bites you!!
* * * LOW HITPOINT WARNING * * *
You focus your inner power and slow the storm dragon in retribution!
The storm dragon claws you. You block the storm dragon's attack.
The Killer Klown blinks!
The storm dragon is stunned by your conviction and fails to attack.
You redirect the orb of fire's attack!
The Killer Klown pies you viciously!
The klown pie hits you but does no damage.
Your magical essence is drained by the effort!
You feel much better.
The storm dragon bites you but does no damage.
The storm dragon claws you!
* * * LOW HITPOINT WARNING * * *
The storm dragon tramples you.
* * * LOW HITPOINT WARNING * * *
You stumble backwards!
You enter a dispersal trap!
The Killer Klown blinks!
The orb of fire blinks!
The Killer Klown blinks!
The storm dragon blinks! x2
The Orb Guardian blinks!
The Killer Klown blinks!
The Killer Klown pulls the alarm!
The alarm trap emits a blaring wail!
The mark upon you grows brighter.
The Killer Klown blinks!
The orb of fire blinks!
The Orb Guardian blinks!
The Killer Klown blinks!
You blink.
The Killer Klown blinks!
The Killer Klown begins to attack, but is stunned by your conviction!
Found a scroll of teleportation.
Your magical essence is drained by the effort!
You feel much better.
The storm dragon is no longer berserk.
The Orb Guardian hits you!
The orb of fire emits a lurid red light.
The bolt of fire hits you!!!!
You die...

▓▓▓▓▓▓▓* * * ▓▓▓▓..?.... ,, ,
** ▓▓▓...^.D...., ,
▓▓.....$...... , ^, , * ▓▓▓▓▓
▓............. , ,, , *,
.....▓*▓............. ,
,,.....^▓▓...p§.....p..., ,,,,
, , .....^.▓....X@.......... ,
,
.0.....§..^.*.......^........▓
,
.......▓.§§.X.................
.....^▓▓.§....p...............
, .....▓
▓...................... ▓▓▓▓▓
#.......X..D......^....
##..§.§.XX......p......
##▓...§...............
▓▓▓▓...............▓


You could see an orb of fire, 3 Killer Klowns, a storm dragon (summoned, blind,
slow), a quicksilver dragon and 5 Orb Guardians.

Vanquished Creatures
  An ancient lich (Zot:5)
  An orb of fire (Zot:5)
  2 Killer Klowns (Zot:5)
  Bai Suzhen (Swamp:4)
  A curse toe (Zot:4)
  2 golden dragons
  Nikola (Swamp:4)
  An electric golem (Zot:5)
  A lich (Abyss:2)
  13 Orb Guardians (Zot:5)
  3 tentacled monstrosities
  2 quicksilver dragons (Zot:2)
  2 death cobs
  An Executioner (Abyss:3)
  2 sphinxes (Depths:3)
  2 tengu reavers
  2 storm dragons
  A fenstrider witch (Swamp:4)
  2 fire giants (Depths:3)
  A frost giant (Depths:3)
  2 ghost moths (Spider:4)
  A draconian scorcher (Zot:5)
  2 draconian knights (Zot:5)
  An angel (Abyss:2)
  A spriggan defender (Depths:5)
  3 cacodemons (Abyss:3)
  3 very ugly things (Depths:3)
  7 stone giants
  2 green draconians (Zot:5)
  3 black draconians
  A minotaur (Gauntlet)
  3 bunyips
  4 yellow draconians
  3 white draconians
  3 purple draconians
  A spark wasp (Depths:3)
  4 red draconians (Zot:5)
  3 eleionomae
  5 fire dragons
  A deep elf high priest (Depths:5)
  A shambling mangrove (Swamp:2)
  2 ettins (Depths:3)
  4 yaktaur captains
  2 jiangshi (Depths:1)
  2 great orbs of eyes
  2 hydras (Swamp:4)
  A death knight (D:13)
  A spriggan air mage (Depths:5)
  3 ice dragons
  3 boulder beetles
  8 two-headed ogres
  2 centaur warriors
  3 catoblepae
  5 alligators
  The ghost of FortyThree the Fighter, a journeyman VSFi of Uskayaw (D:11)
  3 tengu warriors
  An ogre mage (D:15)
  A vampire mage (Depths:1)
  A deep troll shaman (D:15)
  2 thrashing horrors
  14 spriggans
  A sixfirhy (Abyss:2)
  2 goliath frogs (Swamp:3)
  2 deep trolls (D:15)
  A flayed ghost (Depths:5)
  4 glowing orange brains
  2 spriggan druids
  10 swamp dragons
  An unseen horror (D:13)
  A bog body (Swamp:1)
  2 lindwurms (Lair:6)
  A harpy (shapeshifter) (Depths:2)
  A necromancer (Depths:1)
  9 wolf spiders
  4 oklob plants (Lair:2)
  A deep elf mage (D:13)
  A cyclops (D:15)
  A frost giant zombie (Depths:1)
  8 orb spiders
  2 ugly things (Depths:3)
  2 shining eyes (Abyss:3)
  2 will-o-the-wisps (Swamp:1)
  A stone giant zombie (Depths:1)
  3 manticores
  7 moths of wrath
  An eye of devastation (Abyss:2)
  4 smoke demons
  2 elephants
  A gargoyle (Gauntlet)
  2 torpor snails (Lair:6)
  3 black mambas (Lair:6)
  A yaktaur (shapeshifter) (Depths:3)
  2 efreet
  2 rime drakes (Lair:6)
  6 cane toads
  3 tengu conjurers
  2 demonic crawlers
  12 yaktaurs
  An ancient zyme (Abyss:2)
  3 komodo dragons
  6 jumping spiders
  2 trolls
  A meliai (Spider:1)
  4 tyrant leeches
  A polar bear (Lair:2)
  Prince Ribbit (D:8)
  17 large abominations
  6 blink frogs
  3 raiju
  2 dream sheep (Lair:6)
  9 slime creatures (Abyss:3)
  17 hornets
  3 flying skulls (Abyss:3)
  30 redbacks
  2 shadows
  11 yaks
  11 tarantellas
  A wyvern (Lair:6)
  A ynoxinul (Abyss:3)
  2 water elementals (Depths:2)
  2 basilisks
  Grum (D:11)
  2 fire elementals (Volcano)
  A golden eye (Abyss:3)
  5 vampire mosquitoes
  2 swamp worms
  A soldier ant (D:13)
  3 water moccasins
  6 swamp drakes (Swamp:4)
  4 floating eyes
  3 orc warriors
  2 black bears (Lair:2)
  2 boggarts (Depths:1)
  2 ice beasts
  10 ogres
  An eye of draining (D:13)
  5 wolves
  A phantom (D:7)
  A necrophage (D:13)
  6 centaurs
  2 big kobolds
  3 earth elementals
  6 gnoll sergeants (Bailey)
  6 bullfrogs
  2 water moccasin skeletons
  4 wights (D:11)
  2 howler monkeys
  4 crimson imps (Gauntlet)
  3 starcursed masses (Abyss:2)
  2 bullfrog zombies
  2 centaur zombies
  4 hounds
  A centaur skeleton (D:6)
  3 orc priests
  2 bullfrog skeletons
  4 gnoll shamans (Bailey)
  An iguana (D:6)
  6 hell rats (Lair:4)
  3 orc wizards
  3 worker ants
  14 small abominations
  A hound skeleton (D:9)
  2 howler monkey zombies
  A worker ant zombie (D:8)
  13 gnolls (Bailey)
  6 adders
  5 white imps
  An ufetubus (D:6)
  An adder skeleton (D:5)
  A leopard gecko (D:5)
  23 orcs
  A giant cockroach (D:8)
  6 jackals
  6 kobolds
  2 quokkas
  A giant cockroach zombie (D:5)
  A quokka skeleton (D:4)
  2 macabre masses (Abyss:3)
611 creatures vanquished.

Vanquished Creatures (collateral kills)
  the Lernaean hydra (Swamp:4)
  A draconian annihilator (Zot:5)
  A spark wasp (Spider:4)
  4 hydras (Swamp:4)
  An ogre mage (Depths:3)
  A swamp dragon (Swamp:4)
  2 moths of wrath
  An orange demon (Abyss:3)
  3 redbacks (Spider:4)
  2 tarantellas (Spider:4)
17 creatures vanquished.

Vanquished Creatures (others)
  An Orb Guardian (Zot:5)
  A quicksilver dragon (Zot:4)
  A frost giant (Depths:3)
  A draconian knight (Zot:5)
  A draconian shifter (Depths:5)
  4 hydras
  An alligator (Swamp:3)
  A deep elf knight (D:15)
  A deep troll (D:15)
  A swamp dragon (Swamp:4)
  2 wolf spiders
  A bloated husk (Swamp:1)
  A red devil (Gauntlet)
  A jumping spider (Spider:4)
  A hornet (Swamp:1)
  2 redbacks
  An orc (D:5)
  19 demonic plants (Gauntlet)
  2 foxfires (Swamp:1)
  12 fungi
  49 plants
104 creatures vanquished.

Grand Total: 732 creatures vanquished

Notes
Turn   | Place    | Note
-------+----------+-------------------------------------------
     0 | D:5      | EnegeticOcto the Deep Dwarf Delver began the quest for the
                  | Orb.
     0 | D:5      | Reached XP level 1. HP: 20/20 MP: 1/1
    16 | D:4      | Noticed a phantom
    25 | D:4      | HP: 1/20 [phantom (6)]
    37 | D:4      | Reached XP level 2. HP: 16/27 MP: 2/2
    88 | D:5      | Noticed a centaur
   104 | D:5      | Killed a centaur
   105 | D:5      | Reached skill level 5 in Axes
   105 | D:5      | Reached XP level 3. HP: 32/33 MP: 3/3
   105 | D:5      | Reached XP level 4. HP: 38/40 MP: 4/4
   134 | D:5      | Noticed an ogre
   144 | D:5      | HP: 2/40 [ogre/+0 giant club (20)]
   157 | D:5      | Killed an ogre
   158 | D:5      | Reached XP level 5. HP: 46/46 MP: 4/4
   165 | D:5      | Reached XP level 6. HP: 33/55 MP: 5/5
   296 | D:5      | Found an ancient bone altar of Kikubaaqudgha.
   297 | D:5      | Found a shimmering blue altar of Sif Muna.
   312 | D:5      | Found a radiant altar of Vehumet.
   317 | D:5      | Identified Kikubaaqudgha's Handbook of Necromancy
   335 | D:5      | Found a staircase to the Ecumenical Temple.
   341 | Temple   | Entered the Ecumenical Temple
   362 | Temple   | Became a worshipper of Ru the Awakened
   418 | D:5      | Noticed Duvessa
   419 | D:5      | Noticed Dowan
   490 | D:6      | Reached skill level 1 in Spellcasting
   520 | D:6      | Reached XP level 7. HP: 44/61 MP: 4/6
   691 | D:7      | Found Utzo's Book Shoppe.
   766 | D:7      | Reached skill level 10 in Axes
   766 | D:7      | Reached XP level 8. HP: 36/68 MP: 7/7
   974 | D:8      | Found a stormy altar of Qazlal.
   978 | D:8      | Noticed Prince Ribbit
  1005 | D:8      | Killed Prince Ribbit
  1015 | D:8      | Gained mutation: You are dopey. (Int -2) [Ru sacrifice]
  1388 | D:9      | Reached skill level 1 in Evocations
  1409 | D:9      | Reached skill level 3 in Fighting
  1549 | D:8      | Gained mutation: You passively map the area around you.
                  | [Deep Dwarf growth]
  1549 | D:8      | Reached XP level 9. HP: 70/76 MP: 6/6
  1594 | D:10     | Entered Level 10 of the Dungeon
  1616 | D:11     | Found a staircase to the Lair.
  1635 | D:11     | Noticed FortyThree's ghost (journeyman VSFi)
  1635 | D:11     | Identified the +9 flail of Past Mistakes {antimagic, rElec
                  | rF+}
  1639 | D:11     | Identified the +5 quarterstaff of Woe {vorpal, rPois}
  1639 | D:11     | Noticed a tengu warrior
  1641 | D:11     | Noticed Grum
  1641 | D:11     | Noticed a two-headed ogre
  1642 | D:11     | Noticed a moth of wrath
  1643 | D:11     | Identified the +7 scimitar "Ledion" {antimagic, rC+ Int+3
                  | Dex-4 Stlth+}
  1644 | D:11     | Noticed a troll
  1668 | D:11     | Killed Grum
  1725 | D:11     | Found a bloodstained altar of Trog.
  1732 | D:11     | Found a transporter.
  1734 | D:11     | Found a transporter.
  1745 | D:11     | Killed a moth of wrath
  1746 | D:11     | Reached skill level 4 in Fighting
  1758 | D:11     | Killed a troll
  1765 | D:11     | Killed FortyThree's ghost
  1766 | D:11     | Reached skill level 5 in Evocations
  1772 | D:11     | Killed a two-headed ogre
  1773 | D:11     | Reached skill level 5 in Fighting
  1773 | D:11     | Reached XP level 10. HP: 60/88 MP: 1/10
  1781 | D:11     | Killed a tengu warrior
  1843 | D:11     | Noticed a boulder beetle
  1864 | D:11     | Killed a boulder beetle
  1865 | D:11     | Reached skill level 6 in Fighting
  1892 | D:12     | Found a flagged portal.
  1905 | D:12     | Paralysed by a hornet for 3 turns
  1922 | Bailey   | Entered a bailey
  2097 | Bailey   | Found the +8 frozen axe "Frostbite" {freezing cloud, *Noise
                  | +Fly rC+}
  2120 | Bailey   | Gained mutation: You are sensitive to extremes of
                  | temperature. (rF-, rC-) [Ru sacrifice]
  2120 | Bailey   | Reached * piety under Ru
  2120 | Bailey   | Reached ** piety under Ru
  2120 | Bailey   | Reached *** piety under Ru
  2216 | Lair:1   | Entered Level 1 of the Lair of Beasts
  2227 | Lair:1   | Reached skill level 1 in Armour
  2231 | Lair:1   | Reached XP level 11. HP: 86/94 MP: 9/9
  2292 | Lair:2   | Noticed a boulder beetle
  2292 | Lair:2   | Noticed an oklob plant
  2292 | Lair:2   | Noticed an oklob plant
  2292 | Lair:2   | Noticed an oklob plant
  2292 | Lair:2   | Noticed an oklob plant
  2300 | Lair:2   | Got a bound amber ring
  2335 | Lair:2   | Killed an oklob plant
  2340 | Lair:2   | Killed a boulder beetle
  2345 | Lair:2   | Killed an oklob plant
  2346 | Lair:2   | Reached skill level 7 in Fighting
  2349 | Lair:2   | Killed an oklob plant
  2360 | Lair:2   | Killed an oklob plant
  2370 | Lair:2   | Identified the ring "Moshrizof" {rElec rC- Will+++ AC+4
                  | Str-3} (You found it on level 2 of the Lair of Beasts)
  2429 | Lair:2   | Reached skill level 15 in Axes
  2496 | Lair:2   | Found a dark tunnel.
  2499 | Volcano  | Entered a volcano
  2574 | Volcano  | Noticed a stone giant
  2597 | Volcano  | Killed a stone giant
  2693 | Lair:2   | Found a hole to the Spider Nest.
  2704 | Lair:2   | Reached skill level 5 in Dodging
  2746 | Lair:3   | Noticed an oklob plant
  2749 | Lair:3   | Found a gate leading to a gauntlet.
  2758 | Gauntlet | Entered a Gauntlet
  2758 | Gauntlet | Found a transporter.
  2768 | Gauntlet | Found a transporter.
  2768 | Gauntlet | Found a transporter.
  2774 | Gauntlet | Found a transporter.
  2786 | Gauntlet | Noticed a blizzard demon
  2787 | Gauntlet | Noticed a sixfirhy
  2796 | Gauntlet | Found a transporter.
  2803 | Gauntlet | Noticed a catoblepas
  2810 | Gauntlet | Found a transporter.
  2810 | Gauntlet | Noticed a thrashing horror
  2812 | Gauntlet | Noticed a sixfirhy
  2820 | Gauntlet | Reached XP level 12. HP: 80/105 MP: 10/10
  2834 | Gauntlet | Killed a catoblepas
  2837 | Gauntlet | Found a transporter.
  2863 | Gauntlet | Found a transporter.
  2891 | Gauntlet | Got a translucent steel ring
  2893 | Gauntlet | Identified the ring "Ustatorr" {+Fly rF+ MP-9 Int+6 Dex+3
                  | Slay+2} (You found it in a Gauntlet)
  2919 | Gauntlet | Found a transporter.
  2931 | Gauntlet | Found a transporter.
  2958 | Gauntlet | Noticed a minotaur
  2963 | Gauntlet | Killed a minotaur
  2964 | Gauntlet | Reached skill level 8 in Fighting
  2964 | Gauntlet | Reached skill level 5 in Armour
  2991 | Lair:3   | Noticed a catoblepas
  3020 | Lair:3   | Killed a catoblepas
  3068 | Lair:4   | Gained mutation: You are somewhat inexperienced. (-2 XL)
                  | [Ru sacrifice]
  3068 | Lair:4   | Reached XP level 11. HP: 88/103 MP: 9/9
  3068 | Lair:4   | Reached XP level 10. HP: 88/96 MP: 8/8
  3068 | Lair:4   | Reached **** piety under Ru
  3068 | Lair:4   | Reached ***** piety under Ru
  3178 | Lair:5   | Found a viscous altar of Jiyva.
  3178 | Lair:5   | Found a staircase to the Slime Pits.
  3247 | Lair:6   | Entered Level 6 of the Lair of Beasts
  3247 | Lair:6   | Noticed a five-headed hydra
  3248 | Lair:6   | Noticed a black mamba
  3255 | Lair:6   | Noticed a lindwurm
  3258 | Lair:6   | Killed a black mamba
  3264 | Lair:6   | Banished a lindwurm
  3269 | Lair:6   | Killed a 13-headed hydra
  3270 | Lair:6   | Reached XP level 11. HP: 95/104 MP: 9/9
  3284 | Lair:6   | Noticed an ice dragon
  3285 | Lair:6   | Noticed a fire dragon
  3285 | Lair:6   | an ice dragon changed into a fire dragon
  3294 | Lair:6   | Killed a fire dragon
  3315 | Lair:6   | Identified a scroll of acquirement
  3315 | Lair:6   | Acquired 867 gold pieces
  3427 | Lair:6   | Noticed a lindwurm
  3436 | Lair:6   | Killed a lindwurm
  3472 | Lair:6   | Noticed a death yak
  3472 | Lair:6   | Noticed a death yak
  3474 | Lair:6   | Banished a death yak
  3475 | Lair:6   | Reached skill level 5 in Spellcasting
  3479 | Lair:6   | Banished a death yak
  3503 | Lair:6   | Noticed a catoblepas
  3504 | Lair:6   | Noticed a lindwurm
  3514 | Lair:6   | Killed a lindwurm
  3526 | Lair:6   | Killed a catoblepas
  3533 | Lair:6   | Noticed a death yak
  3539 | Lair:6   | Reached skill level 9 in Fighting
  3545 | Lair:6   | Banished a death yak
  3546 | Lair:6   | Reached XP level 12. HP: 67/114 MP: 10/12
  3551 | Lair:6   | Reached skill level 10 in Evocations
  3640 | Lair:5   | Gained mutation: Your system is resistant to poisons.
                  | (rPois) [potion of mutation]
  3640 | Lair:5   | Gained mutation: You are very dopey. (Int -4) [potion of
                  | mutation]
  3640 | Lair:5   | Gained mutation: You evolve. [potion of mutation]
  3641 | Lair:5   | Lost mutation: You are very dopey. (Int -4) [evolution]
  3721 | Lair:3   | Found a staircase to the Swamp.
  3733 | Swamp:1  | Entered Level 1 of the Swamp
  3733 | Swamp:1  | Noticed a bunyip
  3733 | Swamp:1  | Noticed an eleionoma
  3734 | Swamp:1  | Noticed an alligator
  3736 | Swamp:1  | Noticed a six-headed hydra
  3740 | Swamp:1  | Noticed an alligator
  3743 | Swamp:1  | Killed a bunyip
  3743 | Swamp:1  | Killed an eleionoma
  3749 | Swamp:1  | Banished an alligator
  3754 | Swamp:1  | Killed an alligator
  3760 | Swamp:1  | Killed an 11-headed hydra
  3773 | Swamp:1  | Noticed an alligator
  3789 | Swamp:1  | Killed an alligator
  3802 | Swamp:2  | Noticed an eleionoma
  3808 | Swamp:2  | Noticed a shambling mangrove
  3817 | Swamp:2  | Banished an eleionoma
  3818 | Swamp:2  | Reached skill level 10 in Fighting
  3818 | Swamp:2  | Reached XP level 13. HP: 81/123 MP: 6/14
  3853 | Swamp:3  | Noticed a bunyip
  3873 | Swamp:3  | Killed a bunyip
  3947 | Swamp:3  | Noticed an eleionoma
  3962 | Swamp:3  | Killed an eleionoma
  4041 | Swamp:3  | Reached skill level 10 in Armour
  4055 | Swamp:4  | Entered Level 4 of the Swamp
  4055 | Swamp:4  | Noticed a bunyip
  4065 | Swamp:4  | Killed a bunyip
  4097 | Swamp:4  | Noticed an eleionoma
  4111 | Swamp:4  | Killed an eleionoma
  4170 | Swamp:3  | Reached skill level 11 in Fighting
  4218 | Swamp:4  | Noticed a fenstrider witch
  4240 | Swamp:4  | Noticed Bai Suzhen
  4241 | Swamp:4  | Killed a fenstrider witch
  4300 | Swamp:4  | Killed Bai Suzhen
  4301 | Swamp:4  | Reached skill level 12 in Fighting
  4326 | Swamp:4  | Gained mutation: You resist negative energy. (rN+) [Deep
                  | Dwarf growth]
  4326 | Swamp:4  | Reached XP level 14. HP: 87/133 MP: 14/14
  4343 | Swamp:4  | Noticed the 27-headed Lernaean hydra
  4344 | Swamp:4  | Killed the 27-headed Lernaean hydra
  4347 | Swamp:4  | Noticed Nikola
  4355 | Swamp:4  | Reached skill level 13 in Fighting
  4375 | Swamp:4  | Killed Nikola
  4431 | Swamp:4  | Got a decaying rune of Zot
  4616 | Spider:1 | Entered Level 1 of the Spider Nest
  4936 | Spider:4 | Entered Level 4 of the Spider Nest
  4972 | Spider:4 | Acquired the ring of Melutaim {Ice rN+}
  5072 | Spider:4 | Noticed Arachne
  5084 | Spider:4 | Banished Arachne
  5085 | Spider:4 | Reached XP level 15. HP: 109/149 MP: 14/16
  5121 | Spider:4 | Killed a ghost moth
  5127 | Spider:4 | Reached skill level 14 in Fighting
  5149 | Spider:4 | Noticed a ghost moth
  5156 | Spider:4 | Killed a ghost moth
  5229 | Spider:4 | Banished a ghost moth
  5255 | Spider:4 | Got a gossamer rune of Zot
  5693 | D:14     | Reached skill level 10 in Dodging
  5696 | D:15     | Entered Level 15 of the Dungeon
  5746 | D:15     | Found a staircase to the Depths.
  5775 | D:15     | Cast into level 2 of the Abyss (unwielding a weapon of
                  | distortion)
  5796 | Abyss:2  | Gained mutation: Scrolls take you a little longer to read.
                  | [mutagenic glow]
  5806 | Abyss:2  | Gained mutation: Your body sometimes deteriorates upon
                  | taking damage. [mutagenic glow]
  5820 | Abyss:2  | Lost mutation: Scrolls take you a little longer to read.
                  | [evolution]
  5949 | Abyss:2  | Noticed a lich
  5970 | Abyss:2  | Killed a lich
  6117 | Abyss:2  | Gained mutation: You are frail. (-10% HP) [mutagenic glow]
  6133 | Abyss:3  | Gained mutation: You occasionally shout uncontrollably at
                  | your foes. [mutagenic glow]
  6145 | Abyss:3  | Lost mutation: You occasionally shout uncontrollably at
                  | your foes. [mutagenic glow]
  6152 | Abyss:3  | Gained mutation: You are very dopey. (Int -4) [mutagenic
                  | glow]
  6162 | Abyss:3  | Gained mutation: Your spells are a little easier to cast,
                  | but a little less powerful. [mutagenic glow]
  6198 | Abyss:3  | Reached XP level 16. HP: 92/120 MP: 8/18
  6210 | Abyss:3  | Noticed an Executioner
  6234 | Abyss:3  | Killed an Executioner
  6235 | Abyss:3  | Reached skill level 15 in Fighting
  6320 | Abyss:3  | Got an abyssal rune of Zot
  6345 | D:15     | Escaped the Abyss
  6465 | Depths:1 | Entered Level 1 of the Depths
  6785 | Depths:2 | Noticed a tengu reaver
  6813 | Depths:2 | Gained mutation: You cannot drink potions while threatened.
                  | [Ru sacrifice]
  6816 | Depths:2 | Killed a tengu reaver
  6955 | Depths:3 | Noticed a sphinx
  6980 | Depths:3 | Killed a sphinx
  6993 | Depths:3 | Reached skill level 16 in Fighting
  6994 | Depths:3 | Reached skill level 10 in Spellcasting
  6999 | Depths:3 | Noticed a sphinx
  7002 | Depths:3 | Reached XP level 17. HP: 79/146 MP: 3/21
  7149 | Depths:4 | Found a broken altar of Ashenzari.
  7150 | Depths:4 | Noticed a quicksilver dragon
  7151 | Depths:4 | Noticed a juggernaut
  7153 | Depths:5 | Entered Level 5 of the Depths
  7279 | Depths:5 | Noticed a lich
  7361 | Depths:5 | Reached skill level 17 in Fighting
  7438 | Depths:5 | Noticed a golden dragon
  7449 | Depths:5 | Killed a golden dragon
  7468 | Depths:5 | Noticed a bone dragon
  7473 | Depths:5 | Banished a bone dragon
  7488 | Depths:5 | Found a gate to the Realm of Zot.
  7511 | Zot:1    | Entered Level 1 of the Realm of Zot
  7515 | Zot:1    | Noticed a tentacled monstrosity
  7527 | Zot:1    | Banished a tentacled monstrosity
  7592 | Zot:2    | Noticed a quicksilver dragon
  7649 | Zot:2    | Killed a quicksilver dragon
  7667 | Zot:2    | Noticed a tentacled monstrosity
  7677 | Zot:2    | Killed a tentacled monstrosity
  7693 | Zot:3    | Gained mutation: You passively map a large area around you.
                  | [Deep Dwarf growth]
  7693 | Zot:3    | Reached XP level 18. HP: 140/151 MP: 9/18
  7857 | Zot:4    | Noticed a curse toe
  7896 | Zot:4    | Killed a curse toe
  7917 | Zot:4    | Gained mutation: You cannot be stealthy. [Ru sacrifice]
  7917 | Zot:4    | Reached ****** piety under Ru
  7927 | Zot:5    | Entered Level 5 of the Realm of Zot
  7988 | Zot:5    | Reached skill level 18 in Fighting
  8001 | Zot:5    | Noticed a tentacled monstrosity
  8028 | Zot:5    | Killed a tentacled monstrosity
  8039 | Zot:5    | Noticed a golden dragon
  8078 | Zot:5    | Killed a golden dragon
  8111 | Zot:5    | Lost mutation: Your body sometimes deteriorates upon taking
                  | damage. [evolution]
  8153 | Zot:5    | Noticed an Orb Guardian
  8153 | Zot:5    | Noticed an Orb Guardian
  8169 | Zot:5    | Killed an Orb Guardian
  8175 | Zot:5    | Killed an Orb Guardian
  8181 | Zot:5    | Noticed an Orb Guardian
  8186 | Zot:5    | Noticed an Orb Guardian
  8196 | Zot:5    | Killed an Orb Guardian
  8201 | Zot:5    | Killed an Orb Guardian
  8213 | Zot:5    | Noticed an Orb Guardian
  8232 | Zot:5    | Killed an Orb Guardian
  8233 | Zot:5    | Reached skill level 19 in Fighting
  8243 | Zot:5    | Noticed an Orb Guardian
  8245 | Zot:5    | Banished an Orb Guardian
  8248 | Zot:5    | Noticed an Orb Guardian
  8268 | Zot:5    | Banished an Orb Guardian
  8335 | Zot:5    | Noticed an Orb Guardian
  8343 | Zot:5    | Killed an Orb Guardian
  8398 | Zot:5    | Noticed an ancient lich
  8423 | Zot:5    | Killed an ancient lich
  8424 | Zot:5    | Reached XP level 19. HP: 107/172 MP: 9/18
  8437 | Zot:5    | Noticed a Killer Klown
  8457 | Zot:5    | Noticed a Killer Klown
  8479 | Zot:5    | Noticed an electric golem
  8505 | Zot:5    | Killed a Killer Klown
  8512 | Zot:5    | a Killer Klown changed into a boulder beetle
  8543 | Zot:5    | Killed an electric golem
  8547 | Zot:5    | Noticed a Killer Klown
  8594 | Zot:5    | Killed a Killer Klown
  8631 | Zot:5    | Noticed an orb of fire
  8658 | Zot:5    | Gained mutation: Armour fits poorly on your strangely
                  | shaped body. [an orb of fire]
  8667 | Zot:5    | Gained mutation: You occasionally shout uncontrollably at
                  | your foes. [an orb of fire]
  8679 | Zot:5    | Killed an orb of fire
  8681 | Zot:5    | Noticed a Killer Klown
  8682 | Zot:5    | Noticed a Killer Klown
  8686 | Zot:5    | Noticed an orb of fire
  8687 | Zot:5    | Noticed a Killer Klown
  8691 | Zot:5    | Noticed a Killer Klown
  8694 | Zot:5    | Noticed a Killer Klown
  8696 | Zot:5    | Gained mutation: Your spells are easier to cast, but less
                  | powerful. [an orb of fire]
  8715 | Zot:5    | Noticed a Killer Klown
  8715 | Zot:5    | Noticed an electric golem
  8720 | Zot:5    | Banished an electric golem
  8746 | Zot:5    | Killed from afar by an orb of fire

Illustrated notes

Levels and vault maps discovered:
D:4:      minmay_octagon_keep, layout_cave_pools, marbit_many_paths
D:5:      layout_cave_pools, grunt_temple_overflow_magic_moments,
          minmay_temple_entry_enclosed_plants, uniq_grinder, uniq_duvessa
D:6:      lemuel_ratsnest, layout_rooms
D:7:      layout_layer_cave, serial_shops, shop
D:8:      layout_loops_ring, grunt_qazlal_clouds, nicolae_benzene_ring,
          lemuel_blue_sif_altar, uniq_prince_ribbit1, uniq_gastronok,
          uniq_joseph
D:9:      layout_basic, kennysheep_ying_yang, zaba_antful_of_joy
D:10:     layout_cave_pods
D:11:     layout_long_grid, lair_entry_dummy, erik_orc_3,
          gammafunk_ghost_wrathful_warriors, minivault_25_ag, uniq_grum
D:12:     layout_long_grid, enter_bailey_2, kennysheep_doodads
D:13:     layout_loops_ring, special_room [special_room_bee],
          serial_bayou_pond_a
D:14:     layout_long_grid, david_vaults_2, corexii_hall_statues_x
D:15:     hangedman_depths_entry_civil_slaughter, layout_grid_maze,
          minmay_misc_feat_cross
Temple:   minmay_temple_bridge_abc
Lair:1:   layout_cave_pods, chequers_serial_rivers_micro_b,
          infiniplex_staircase_pool_2, serial_bayou_shore_a,
          serial_bayou_shore_b, lemuel_fruit_tree, grunt_megastairs_3
Lair:2:   beast_lair_carwin_large_1, layout_cave_pods, spider_nest_entry_webs,
          enter_volcano_2, minmay_lair_oklob_chamber
Lair:3:   layout_chaotic_city, minmay_swamp_entry_worms, gauntlet_entry_generic,
          wad_woods_01, uniq_fannar
Lair:4:   layout_cave_pods
Lair:5:   layout_regular_city, dpeg_slime_entry_enclosed_altar,
          grunt_megastairs_2
Lair:6:   hangedman_lair_in_review, layout_cave_pods,
          eino_small_chamber_without_monster, bobbens_ice_dragon_lair
Swamp:1:  layout_falls_marsh, evilmike_swamp_ruin_house_1, swamp_pool2,
          uniq_frances
Swamp:2:  nicolae_swamp_phyte_club, layout_basic_swamp,
          evilmike_swamp_ruin_house_5, uniq_roxanne
Swamp:3:  cheibrodos_swamp_heart_of_darkness, layout_basic_swamp,
          evilmike_swamp_ruin_house_3
Swamp:4:  swamp_old_school, layout_basic_swamp, uniq_nikola, uniq_bai_suzhen
Spider:1: layout_spider_delve, nicolae_spider_webbed_stairs
Spider:2: layout_spider_delve
Spider:3: layout_spider_delve, gammafunk_ghost_grave, uniq_kirke, uniq_jorgrun
Spider:4: grunt_spider_rune_parallel, special_room, nicolae_orb_stairs,
          uniq_arachne
Depths:1: layout_forbidden_donut, pf_hell_entry_tar_spiral, serial_shops,
          kennysheep_little_box, hangedman_decor_growths,
          minmay_misc_feat_hallway, serial_bayou_lagoon_a,
          minmay_misc_feat_roman, minmay_misc_feat_x, minmay_misc_feat_enclosed,
          st_stairs_9, kennysheep_generic_room_5
Depths:2: minmay_the_grid_triangle_9x9_rhombus_full
          [minmay_the_grid_triangle_9x9_fully_insulated_deathbox,
          minmay_the_grid_triangle_9x9_longest,
          minmay_the_grid_triangle_9x9_corruption,
          minmay_the_grid_triangle_9x9_zippers_vertical,
          minmay_the_grid_triangle_9x9_tough_junction,
          minmay_the_grid_triangle_9x9_negative_grid,
          minmay_the_grid_triangle_9x9_wacky_v,
          minmay_the_grid_triangle_9x9_prize_schism], layout_basic, hell_entry,
          minivault_14, abyss_entry_crystal
Depths:3: kennysheep_big_flooded_room, layout_basic, hell_entry,
          rand_demon_pan_entry_9, wad_floor_pattern_untrapped,
          dk_noncrumbling_2, onia_ninara_cookie
Depths:4: minmay_dotted_concentric_squares, layout_cave_shapes,
          enter_ziggurat_e, lightli_too_deep, abyss_entry_flame_altar,
          ashenzari_altar_1, infiniplex_staircase_door_maze,
          serial_bayou_shore_b, minmay_shop_grove
Depths:5: grunt_x_marks_the_spot, layout_gridlike, hell_entry,
          hangedman_decor_push, uniq_frederick
Zot:1:    layout_misc_corridors, st_large_dragon_hoard_3, grunt_megastairs_1
Zot:2:    layout_onion
Zot:3:    minmay_elemental_castle, layout_basic, st_stairs_1
Zot:4:    layout_onion_interference, grunt_megastairs_5
Zot:5:    layout_basic

Skill      XL: |  1  2  3  4  5  6  7  8  9 10 11 12 13 14 15 16 17 18 19 |
---------------+----------------------------------------------------------+-----
Axes           | 3 5 6 7 8 10 11 13 14 15 16 | 16.0
Spellcasting   | 1 2 4 5 6 7 10 12 13 14 | 14.3
Evocations     | 2 5 6 9 11 12 14 | 14.1
Fighting       | 3 5 6 9 10 12 13 14 16 17 19 | 19.8
Armour         | 1 7 9 10 12 | 12.0
Dodging        | 7 8 10 | 10.0
Shields        | 2 4 |  4.0
Stealth        | 0 |  0.0

Action                   |  1- 3 |  4- 6 |  7- 9 | 10-12 | 13-15 | 16-18 | 19-21 || total
-------------------------+-------+-------+-------+-------+-------+-------+-------++-------
Melee: Hand axe          |    29 |   107 |   330 |       |       |       |       ||   466
       War axe           |       |       |    14 |   485 |   735 |   792 |   126 ||  2152
Throw: Javelin           |       |       |       |     4 |     3 |     6 |       ||    13
Invok: Sacrifice Purity  |       |       |     1 |       |       |       |       ||     1
       Draw Out Power    |       |       |       |    26 |    34 |    50 |     9 ||   119
       Sacrifice Experie |       |       |       |     1 |       |       |       ||     1
       Sacrifice Resista |       |       |       |     1 |       |       |       ||     1
       Apocalypse        |       |       |       |     2 |     1 |     2 |     1 ||     6
       Reject Sacrifices |       |       |       |       |     1 |       |       ||     1
       Power Leap        |       |       |       |       |    11 |     1 |       ||    12
       Sacrifice Drink   |       |       |       |       |       |     1 |       ||     1
       Sacrifice Stealth |       |       |       |       |       |     1 |       ||     1
 Abil: Heal Wounds       |     4 |     9 |    16 |    14 |    12 |    21 |    30 ||   106
Evoke: Wand              |       |     1 |     4 |    34 |    18 |    42 |       ||    99
       Phantom mirror    |       |       |       |       |     2 |     2 |       ||     4
       Tin of tremorston |       |       |       |       |     2 |     8 |     2 ||    12
       Box of beasts     |       |       |       |       |     1 |     3 |     2 ||     6
  Use: Potion            |       |     1 |       |     3 |     2 |     3 |     1 ||    10
       Scroll            |       |     2 |     8 |    16 |     7 |     5 |     2 ||    40
 Stab: Distracted        |       |       |       |     1 |     5 |     4 |       ||    10
       Paralysed         |       |       |       |     9 |     7 |     9 |       ||    25
       Invisible         |       |       |       |     5 |     7 |     9 |     2 ||    23
       Petrified         |       |       |       |     2 |       |       |       ||     2
       Confused          |       |       |       |       |       |     1 |       ||     1
Armor: Leather armour    |     8 |       |       |       |       |       |       ||     8
       Chain mail        |    16 |   131 |   265 |   244 |       |   172 |       ||   828
       Plate armour      |       |       |    54 |    51 |   737 |    69 |       ||   911
       Gold dragon scale |       |       |       |       |       |   169 |    95 ||   264
       Skin              |       |       |       |       |       |    24 |       ||    24
Dodge: Dodged            |    28 |    63 |   201 |   196 |   332 |   250 |    48 ||  1118
Block: Other             |       |       |       |    60 |       |       |       ||    60
       Buckler           |       |       |       |     8 |   395 |   280 |    55 ||   738
       Reflection        |       |       |       |       |     7 |    16 |     1 ||    24
